 Dungeon Crawl Stone Soup version 0.31.0-11-ge490571c62 (webtiles) character file.

Game seed: 11054675637424671726

130693 Amaterasu the Brawler (level 17, -2/228 HPs)
             Began as an Oni Shapeshifter on Jan 26, 2024.
             Was the Champion of Hepliaklqana.
             Splashed by a goliath frog's acid (10 damage)
             ... on level 2 of the Swamp.
             The game lasted 00:49:22 (20733 turns).

Amaterasu the Brawler (Oni Shapeshifter)           Turns: 20733, Time: 00:49:23

Health: -2/228     AC: 16    Str: 28    XL:     17   Next: 8%
Magic:  17/17      EV: 13    Int: 24    God:    Hepliaklqana [******]
Gold:   2596       SH:  9    Dex: 12    Spells: 10/16 levels left

rFire   + .          .
                       - Unarmed
rCold   + . .        t - +0 kite shield
rNeg    + . .        D - melded +0 steam dragon scales
rPois   ∞            (helmet restricted)
rElec   +            W - +0 cloak of the Sun {^Drain rC+ Int+5 Stlth+}
rCorr   .            (gloves unavailable)
SInv    .            (boots unavailable)
Will    +++..        l - amulet of regeneration
Stlth   ++           L - ring of Xom's Best Wishes {Fly Will++ Int+2}
HPRegen 1.38/turn    V - ring of Rytuasausm {Str+2 Int+6}
MPRegen 0.15/turn

%: no passive effects
@: statue-form, corroded, flying, very slow
A: slow and powerful, torment resistance 1, boosted hp, reduced essence, large,
unfitting armour, horns 1, (tough skin 1), double potion healing, drunken
brawling, robust 1, inability to read after injury 1
a: Begin Untransformation, Renounce Religion, Recall Ancestor, Ancestor
Identity, Transference, Idealise


You were on level 2 of the Swamp.
You worshipped Hepliaklqana.
Hepliaklqana was exalted by your worship.
You were a living statue of rough stone.
You visited 4 branches of the dungeon, and saw 24 of its levels.
You also visited: Bailey and Volcano.

You collected 3266 gold pieces.
You spent 670 gold pieces at shops.

Inventory:

Hand Weapons
 r - a +5 executioner's axe
Missiles
 i - 4 throwing nets (quivered)
Armour
 a - a scarf of resistance
 j - a +1 robe of fire resistance
 q - a +0 pair of gloves of infusion
 t - a +0 kite shield (worn)
 D - +0 steam dragon scales (melded)
 W - the +0 cloak of the Sun (worn) {^Drain rC+ Int+5 Stlth+}
   (You found it on level 1 of the Swamp)

   Int+5:     It affects your intelligence (+5).
   rC+:       It protects you from cold.
   ^Drain:    It drains your maximum health when unequipped.
   Stlth+:    It makes you more stealthy.
Jewellery
 l - an amulet of regeneration (around neck)
 L - the ring of Xom's Best Wishes (left fist) {Fly Will++ Int+2}
   (You found it in a bailey)

   [ring of flight]

   Int+2:     It affects your intelligence (+2).
   Will++:    It greatly increases your willpower.
   Fly:       It grants you flight.
 M - a ring of see invisible
 O - a ring of protection from fire
 S - a +4 ring of protection
 T - a ring of magical power
 V - the ring of Rytuasausm (right fist) {Str+2 Int+6}
   (You found it on level 14 of the Dungeon)

   [ring of intelligence]

   Str+2:     It affects your strength (+2).
   Int+6:     It affects your intelligence (+6).
Talismans
 K - the granite talisman of an ossuary (active) {rF+ Str+2}
   (You found it on level 9 of the Dungeon)

   [granite talisman]

   Str+2:     It affects your strength (+2).
   rF+:       It protects you from fire.
Wands
 k - a wand of flame (22)
 s - a wand of paralysis (13)
 w - a wand of mindburst (36)
 x - a wand of quicksilver (7)
 N - a wand of digging (1)
 R - a wand of polymorph (4)
Scrolls
 c - 2 scrolls of poison
 e - 5 scrolls of fear
 f - 4 scrolls of revelation
 h - 2 scrolls of amnesia
 p - a scroll of torment
 y - 6 scrolls of immolation
 C - 2 scrolls of enchant armour
 E - 2 scrolls of fog
 F - 2 scrolls of enchant weapon
 H - 12 scrolls of teleportation
 I - a scroll of summoning
 P - 6 scrolls of vulnerability
 Q - 3 scrolls of blinking
Potions
 b - 2 potions of attraction
 d - a potion of magic
 g - 10 potions of curing
 m - 4 potions of ambrosia
 n - 12 potions of heal wounds
 o - 2 potions of haste
 u - 4 potions of enlightenment
 v - a potion of mutation
 z - 9 potions of degeneration
 A - 5 potions of lignification
 B - 2 potions of invisibility
 G - a potion of cancellation
 J - 2 potions of might
Miscellaneous
 U - a tin of tremorstones (inert)


   Skills:
 - Level 13.0 Fighting
 - Level 10.8 Dodging
 - Level 6.0 Shields
 - Level 16.5 Unarmed Combat
 + Level 6.7 Necromancy
 - Level 16.1 Shapeshifting


You had 10 spell levels left.
You knew the following spells:

 Your Spells              Type           Power      Damage    Failure   Level
a - Death Channel         Necr           16%        N/A       94%         6

Your spell library contained the following spells:

 Spells                   Type           Power      Damage    Failure   Level
 Cigotuvi's Dreadful Rot  Necr/Alch/Air  20%        N/A       16%         2
 Dispel Undead            Necr           32%        3d14      16%         4
 Ensorcelled Hibernation  Hex/Ice        0%         N/A       36%         2
 Curse of Agony           Necr           32%        N/A       41%         5
 Anguish                  Hex/Necr       8%         N/A       54%         4
 Martyr's Knell           Necr/Summ      16%        N/A       54%         4
 Dazzling Flash           Conj/Hex       0%         N/A       61%         3
 Inner Flame              Hex/Fire       0%         N/A       61%         3
 Mephitic Cloud           Conj/Alch/Air  0%         N/A       61%         3
 Passwall                 Erth           0%         N/A       61%         3
 Summon Ice Beast         Ice/Summ       0%         N/A       61%         3
 Swiftness                Air            0%         N/A       61%         3
 Volatile Blastmotes      Fire/Tloc      0%         2d10      61%         3
 Cause Fear               Hex            0%         N/A       95%         4
 Flame Wave               Conj/Fire      0%         2d4       95%         4
 Ignite Poison            Fire/Alch      0%         N/A       95%         4
 Manifold Assault         Tloc           0%         N/A       95%         4
 Sticky Flame             Fire/Alch      0%         2d4       95%         4
 Freezing Cloud           Conj/Ice/Air   0%         6-21      100%        5
 Silence                  Hex/Air        0%         N/A       100%        5
 Summon Mana Viper        Hex/Summ       0%         N/A       100%        5
 Dispersal                Tloc           0%         N/A       100%        6
 Starburst                Conj/Fire      0%         6d3       100%        6
 Enfeeble                 Hex            0%         N/A       100%        7
 Monstrous Menagerie      Summ           0%         N/A       100%        7
 Disjunction              Tloc           0%         N/A       100%        8
 Maxwell's Capacitive Co  Air            0%         ∞         100%        8


Dungeon Overview and Level Annotations

Branches:
Dungeon (15/15)            Temple (0/1) D:6            Lair (5/5) D:8
  Swamp (2/4) Lair:2       Spider (0/4) Lair:2        Slime (0/5) Lair:4
    Orc (2/2) D:12            Elf (0/3) Orc:2        Vaults (0/5) D:13
 Depths (0/4) D:15         Bailey (visited)         Volcano (visited)

Altars:
Ashenzari
Gozag
Hepliaklqana
Nemelex Xobeh
Okawaru
Trog
Vehumet
Xom
Yredelemnul
Zin
The Shining One

Shops:
D:1 !   D:13 ?   Orc:2 ??*:[


Innate Abilities, Weirdness & Mutations

You are a living statue of rough stone.
Your actions are slow, but your melee attacks are powerful.
You are resistant to unholy torment.
Your maximum health is greatly increased.
Your equipment is partially melded.
Your life essence is reduced to manifest your ancestor. (-10% HP)
You are too large for most types of armour.
You are immune to poison.
You have a pair of small horns on your head.
((You have tough skin. (AC +1)))
You gain doubled healing and magic from potions.
Whenever you drink a healing potion, you attack all around you.
You are robust. (+10% HP)
You occasionally lose the ability to read scrolls when taking damage.


Message History

The goliath frog is heavily wounded.
A tree reaches out and hits you!
* * * LOW HITPOINT WARNING * * *
A tree reaches out and hits you!
* * * LOW HITPOINT WARNING * * *
The forest calms down.
The swamp worm closely misses you. The goliath frog barely misses you.
The spriggan druid hits you with a +0 quarterstaff.
* * * LOW HITPOINT WARNING * * *
The swamp worm bites you but does no damage.
Unknown command.
Unknown command.
You bump into the mangrove.
The swamp worm closely misses you. The goliath frog hits you.
* * * LOW HITPOINT WARNING * * *
You are splashed with acid!
* * * LOW HITPOINT WARNING * * *
The swamp worm bites you but does no damage.
The spriggan druid mumbles some strange words.
The forest starts to sway and rumble!
The swamp worm bites you!
* * * LOW HITPOINT WARNING * * *
The goliath frog hits you but does no damage.
The swamp worm bites you!
* * * LOW HITPOINT WARNING * * *
Unknown command.
Unknown command.
Unknown command.
You are too confused!
You barely miss the swamp worm.
The swamp worm is almost dead.
You feel less invigorated.
You feel less confused. A tree reaches out but misses you.
The swamp worm bites you.
* * * LOW HITPOINT WARNING * * *
The spriggan druid hits you with a +0 quarterstaff!
* * * LOW HITPOINT WARNING * * *
The goliath frog hits you.
* * * LOW HITPOINT WARNING * * *
You are splashed with acid!
You die...

~♣~ .~§
~.~. ~~~~~
♣in~~. ♣
♣ww~... ♣>
♣♣wl♣~..♣
♣.
♣♣8il§~~♣
♣§♣w)Fw~§.♣
♣~.<♣♣~~~~♣
♣.~~♣ ~~~.♣
♣~~.< .~.♣
♣...♣♣ ♣..♣
♣~§♣♣ ♣.§♣
.~. ~~♣
♣♣.♣


You could see 2 alligators, a tyrant leech, a spriggan druid, a goliath frog, 4
swamp worms, a bloated husk and a spriggan.

Vanquished Creatures
  Nikola (Swamp:1)
  Jorgrun (Swamp:1)
  Frances (Swamp:1)
  An ironbound preserver (D:13)
  2 orc warlords
  An eleionoma (Swamp:1)
  Azrael (Orc:2)
  An ettin (D:15)
  An entropy weaver (shapeshifter) (D:15)
  A fire dragon (D:14)
  2 alligators (Swamp:1)
  7 hydras
  3 ogre magi
  A catoblepas (Lair:5)
  A death knight (D:15)
  7 centaur warriors
  19 two-headed ogres
  2 boulder beetles
  6 tengu warriors
  5 death yaks (Lair:4)
  A hell knight (Volcano)
  2 orc high priests
  3 skysharks
  A deep troll (D:15)
  2 goliath frogs (Swamp:1)
  2 bog bodies
  An obsidian statue (D:9)
  A spriggan druid (Swamp:1)
  A harpy (shapeshifter) (D:15)
  A deep elf pyromancer (D:12)
  2 orc knights
  6 ugly things (D:14)
  4 cyclopes (D:13)
  3 kobold blastminers
  3 elephants (Lair:2)
  4 meliai
  6 black mambas
  10 cane toads
  A gargoyle (D:12)
  An efreet (D:14)
  4 rime drakes
  2 freezing wraiths (D:15)
  6 komodo dragons
  5 trolls
  7 hornets
  2 polar bears (Lair:4)
  The ghost of Phaedo the Insei, an amateur DgSh (D:4)
  A tyrant leech (Lair:5)
  13 blink frogs
  A culicivora (Lair:2)
  9 slime creatures
  A shadow (D:11)
  2 vampires
  27 yaks
  7 spriggans
  6 wyverns
  A human (Lair:3)
  4 wraiths (D:13)
  2 basilisks
  3 fire elementals (Orc:2)
  Grum (Lair:1)
  A steam dragon (D:9)
  A warg (Orc:1)
  7 vampire mosquitoes
  14 water moccasins
  4 swamp worms
  3 swamp drakes
  15 orc warriors
  A laughing skull (D:14)
  4 black bears
  An ice beast (shapeshifter) (D:13)
  12 wolves
  21 ogres
  A phantom (D:4)
  10 centaurs
  The ghost of t4s4d4r the Insei, an amateur OpSh (D:3)
  2 kobold brigands
  2 gnoll sergeants (D:8)
  8 bullfrogs
  A scorpion (D:5)
  2 killer bees (D:7)
  6 howler monkeys
  4 electric eels
  2 bombardier beetles
  A jelly (D:8)
  5 hounds
  14 orc priests
  2 sleepcaps
  2 iguanas
  12 orc wizards
  5 hell rats (Lair:3)
  6 gnolls
  8 adders
  A shadow imp (D:7)
  2 dart slugs (D:1)
  A ribbon worm (D:4)
  41 orcs
  4 ball pythons
  11 endoplasms
  5 giant cockroaches
  6 goblins
  6 hobgoblins
  2 jackals (D:2)
  18 kobolds
  5 quokkas
  6 bats
  3 frilled lizards
  3 rats
516 creatures vanquished.

Vanquished Creatures (collateral kills)
  An eleionoma (Swamp:1)
  A fire dragon (D:15)
  Harold (D:11)
  3 ogre magi (Orc:2)
  3 hydras
  2 centaur warriors
  3 alligators
  2 two-headed ogres (Orc:2)
  A boulder beetle (D:12)
  An occultist (D:15)
  A vampire mage (Lair:3)
  A skyshark (Lair:5)
  A goliath frog (Lair:5)
  A bog body (Lair:2)
  A deep elf archer (D:15)
  A deep elf pyromancer (D:15)
  2 cyclopes
  A manticore (D:14)
  3 ugly things (D:14)
  A wolf spider (Lair:2)
  2 meliai
  3 elephants (Lair:2)
  A black mamba (Lair:2)
  6 cane toads
  4 komodo dragons
  2 tengu conjurers
  2 hornets (D:9)
  3 trolls
  A tyrant leech (Lair:5)
  13 blink frogs
  2 wyverns
  6 slime creatures
  4 spriggans (Swamp:1)
  A fire elemental (Orc:2)
  7 yaks
  A swamp worm (Lair:2)
  A vampire mosquito (Lair:5)
  An acid dragon (D:14)
  4 water moccasins
  9 orc warriors
  A laughing skull (D:14)
  7 ogres
  A black bear (D:8)
  6 centaurs
  5 wolves
  A kobold brigand (D:10)
  6 bullfrogs
  A scorpion (D:8)
  A gnoll sergeant (D:11)
  A killer bee (D:7)
  4 electric eels
  2 howler monkeys (D:12)
  6 orc priests
  A hound (D:5)
  An iguana (D:7)
  7 orc wizards
  A hell rat (Lair:3)
  6 gnolls
  39 orcs
  2 goblins
  3 hobgoblins
  14 kobolds
220 creatures vanquished.

Vanquished Creatures (others)
  A bog body (Swamp:1)
  3 bloated husks (Swamp:1)
  A tyrant leech (Swamp:1)
  2 swamp worms (Swamp:1)
  A swamp drake (Swamp:1)
  13 battlemagi
  An ancestor (D:4)
22 creatures vanquished.

Grand Total: 758 creatures vanquished

Notes
Turn   | Place    | Note
-------+----------+-------------------------------------------
     0 | D:1      | Amaterasu the Oni Shapeshifter began the quest for the Orb.
     0 | D:1      | Reached XP level 1. HP: 19/19 MP: 1/1
   146 | D:1      | Reached XP level 2. HP: 14/27 MP: 2/2
   206 | D:1      | Found Linupp's Distillery.
   262 | D:1      | Found a faded altar of an unknown god.
   938 | D:2      | Reached XP level 3. HP: 26/35 MP: 3/3
  1255 | D:2      | Reached XP level 4. HP: 35/42 MP: 4/4
  1866 | D:3      | Found a basalt altar of Yredelemnul.
  1937 | D:3      | Found a runed translucent gate.
  1937 | D:3      | Found a runed translucent gate.
  1937 | D:3      | Found a runed translucent gate.
  1941 | D:3      | Noticed t4s4d4r's ghost (amateur OpSh)
  1950 | D:3      | Killed t4s4d4r's ghost
  1951 | D:3      | Reached XP level 5. HP: 34/50 MP: 5/5
  2474 | D:3      | Reached XP level 6. HP: 36/59 MP: 6/6
  2835 | D:4      | Reached skill level 5 in Unarmed Combat
  3012 | D:4      | Found a glowing golden altar of the Shining One.
  3096 | D:4      | Found an iron altar of Okawaru.
  3104 | D:4      | Found a hazy altar of Hepliaklqana.
  3108 | D:4      | Became a worshipper of Hepliaklqana the Forgotten
  3119 | D:4      | Reached XP level 7. HP: 67/67 MP: 7/7
  3248 | D:4      | HP: 2/67 [orc/+0 flail (3)]
  3944 | D:4      | Reached * piety under Hepliaklqana
  3981 | D:4      | Found a runed translucent gate.
  3982 | D:4      | Found a runed translucent gate.
  3982 | D:4      | Noticed Phaedo's ghost (amateur DgSh)
  3983 | D:4      | Found a runed translucent gate.
  3986 | D:4      | Identified the +0 leather armour of Inacur {rPois}
  4190 | D:4      | Killed Phaedo's ghost
  4191 | D:4      | Reached XP level 8. HP: 31/70 MP: 8/8
  4469 | D:5      | Entered Level 5 of the Dungeon
  5010 | D:5      | Reached skill level 5 in Shapeshifting
  5239 | D:5      | Found the +6 shillelagh "Devastator" {shatter}
  5491 | D:6      | Found a bloodstained altar of Trog.
  5819 | D:6      | Found a staircase to the Ecumenical Temple.
  5909 | D:6      | Reached ** piety under Hepliaklqana
  5910 | D:6      | Remembered your ancestor Tsukuyomi as a battlemage
  5951 | D:6      | Reached skill level 1 in Shields
  6397 | D:7      | Reached skill level 5 in Fighting
  6400 | D:7      | Reached XP level 9. HP: 53/79 MP: 9/9
  7320 | D:8      | Found a shimmering altar of Xom.
  7438 | D:8      | Found a staircase to the Lair.
  7472 | D:8      | Found a broken altar of Ashenzari.
  7591 | D:8      | Reached XP level 10. HP: 83/90 MP: 10/10
  7961 | D:9      | Reached *** piety under Hepliaklqana
  8196 | D:9      | Found a flagged portal.
  8209 | Bailey   | Entered a bailey
  8218 | Bailey   | Noticed an orc warlord
  8255 | Bailey   | Found a runed translucent gate.
  8255 | Bailey   | Found a runed translucent gate.
  8272 | Bailey   | Found a runed translucent gate.
  8390 | Bailey   | Killed an orc warlord
  8391 | Bailey   | Reached skill level 5 in Shields
  8415 | Bailey   | Identified the ring of Xom's Best Wishes {Fly Will++ Int+2}
  8419 | Bailey   | Reached XP level 11. HP: 98/98 MP: 11/11
  8865 | D:9      | Reached skill level 10 in Unarmed Combat
  8923 | D:9      | Noticed an obsidian statue
  8930 | D:9      | Noticed a sixfirhy
  8936 | D:9      | Identified the granite talisman of an ossuary {rF+ Str+2}
  8949 | D:9      | Killed an obsidian statue
  9062 | D:10     | Entered Level 10 of the Dungeon
  9226 | D:10     | Found a sparkling altar of Nemelex Xobeh.
  9236 | D:10     | Reached **** piety under Hepliaklqana
  9511 | D:10     | Found an opulent altar of Gozag.
  9546 | D:10     | Noticed a boulder beetle
  9555 | D:10     | Killed a boulder beetle
  9912 | D:10     | Found a glowing silver altar of Zin.
 10000 | D:11     | Reached XP level 12. HP: 81/109 MP: 12/12
 10149 | D:11     | Noticed a two-headed ogre
 10152 | D:11     | Killed a two-headed ogre
 10277 | D:11     | Noticed Harold
 10284 | D:11     | Killed Harold
 10570 | D:11     | Identified a scroll of acquirement
 10570 | D:11     | Acquired 914 gold pieces
 10632 | Lair:1   | Entered Level 1 of the Lair of Beasts
 10640 | Lair:1   | Noticed Grum
 10645 | Lair:1   | Killed Grum
 10652 | Lair:1   | Reached skill level 10 in Fighting
 10806 | Lair:1   | Reached ***** piety under Hepliaklqana
 11515 | Lair:2   | Found a staircase to the Swamp.
 11523 | Lair:2   | Reached XP level 13. HP: 110/123 MP: 13/13
 11570 | Lair:2   | Found a dark tunnel.
 11575 | Volcano  | Entered a volcano
 11860 | Lair:2   | Found a hole to the Spider Nest.
 11910 | Lair:2   | Reached skill level 15 in Shapeshifting
 12816 | Lair:3   | Found a runed translucent door.
 13382 | Lair:4   | Reached XP level 14. HP: 117/135 MP: 14/14
 13532 | Lair:4   | Found a staircase to the Slime Pits.
 13644 | Lair:4   | Reached skill level 5 in Dodging
 14159 | Lair:5   | Entered Level 5 of the Lair of Beasts
 14815 | Lair:5   | Found the +7 great mace "Firestarter" {flame, immolate,
                  | rFlCloud rF++}
 14821 | Lair:5   | Identified the +9 morningstar of Welfare {spect, rF+
                  | Stlth+}
 14843 | Lair:5   | Reached ****** piety under Hepliaklqana
 15571 | D:12     | Reached XP level 15. HP: 86/143 MP: 15/15
 15912 | D:12     | Found a staircase to the Orcish Mines.
 16243 | Orc:1    | Entered Level 1 of the Orcish Mines
 16606 | Orc:2    | Entered Level 2 of the Orcish Mines
 16606 | Orc:2    | Found Xuaveic's Magic Scroll Shop.
 16627 | Orc:2    | Noticed Azrael
 16634 | Orc:2    | Killed Azrael
 16728 | Orc:2    | Found a radiant altar of Vehumet.
 16849 | Orc:2    | Noticed an orc warlord
 16858 | Orc:2    | Killed an orc warlord
 17202 | Orc:2    | Found Xieleu Wugoe's Book Shop.
 17202 | Orc:2    | Found Jecisk's Armour Shoppe.
 17205 | Orc:2    | Found a staircase to the Elven Halls.
 17206 | Orc:2    | Found Hentoupn's Magic Scroll Emporium.
 17206 | Orc:2    | Found Uzauqam's General Store.
 17402 | Orc:2    | Bought a scroll of identify for 30 gold pieces
 17402 | Orc:2    | Bought a scroll of identify for 30 gold pieces
 17402 | Orc:2    | Bought a scroll of identify for 30 gold pieces
 17402 | Orc:2    | Bought a scroll of identify for 30 gold pieces
 17402 | Orc:2    | Bought a scroll of identify for 30 gold pieces
 17407 | Orc:2    | Gained mutation: You occasionally lose the ability to read
                  | scrolls when taking damage. [potion of mutation]
 17407 | Orc:2    | Gained mutation: You are robust. (+10% HP) [potion of
                  | mutation]
 17656 | D:13     | Reached skill level 15 in Unarmed Combat
 17704 | D:13     | Identified the +8 whip "Nadiow" {spect, Str+3}
 17785 | D:13     | Found a gate to the Vaults.
 17790 | D:13     | Reached XP level 16. HP: 169/169 MP: 16/16
 17955 | D:13     | Found Gatiha's Magic Scroll Shoppe.
 17990 | D:13     | Identified the +4 short sword "Qeduthruiv" {flame, *Corrode
                  | rC+++ Int-2 Dex+6}
 18325 | D:14     | Reached skill level 10 in Dodging
 18328 | D:14     | Identified the ring of Rytuasausm {Str+2 Int+6}
 18953 | D:15     | Entered Level 15 of the Dungeon
 19200 | D:15     | Found a staircase to the Depths.
 19766 | Orc:2    | Bought a book of Decay for 520 gold pieces
 19773 | Orc:2    | Learned a level 6 spell: Death Channel
 20005 | Swamp:1  | Entered Level 1 of the Swamp
 20005 | Swamp:1  | Noticed Jorgrun
 20013 | Swamp:1  | Killed Jorgrun
 20014 | Swamp:1  | Reached skill level 1 in Necromancy
 20137 | Swamp:1  | Noticed Nikola
 20145 | Swamp:1  | Killed Nikola
 20277 | Swamp:1  | Identified the +0 cloak of the Sun {^Drain rC+ Int+5
                  | Stlth+}
 20336 | Swamp:1  | Noticed Frances
 20341 | Swamp:1  | Killed Frances
 20342 | Swamp:1  | Reached skill level 5 in Necromancy
 20364 | Swamp:1  | Reached XP level 17. HP: 176/176 MP: 17/17
 20733 | Swamp:2  | HP: 9/228 [spriggan druid/+0 quarterstaff (10)]
 20733 | Swamp:2  | Splashed by a goliath frog's acid

Illustrated notes

Levels and vault maps discovered:
D:1:      denvon_arrival_planthouse, layout_basic, serial_shops, shop_fountains,
          hellmonk_ecumenical_altar_pennies_from_heaven
D:2:      layout_loops_ring
D:3:      layout_rooms, lemuel_doored_altar, ebering_ghost_rock_garden
D:4:      layout_cave_pods, mainiacjoe_overflow_brackets,
          mainiacjoe_overflow_big_doors, biasface_ghost_orc_armoury
D:5:      layout_basic, kennysheep_diamond
D:6:      layout_loops_corners, trog_three_pillars_becter,
          minmay_temple_entry_mist, corexii_hall_statues_l
D:7:      layout_loops_ring, chequers_arboretum, hex_medium
D:8:      layout_loops_ring, xom_teletrap_fun, evilmike_ruin_ashenzari,
          due_lair_maze_entry_diamond, chequers_decorated_corner
D:9:      minmay_statue_hallways, layout_irregular_city, enter_bailey_4,
          kennysheep_cross_bottleneck
D:10:     layout_loops_corners, pdpol_temple_overflow_zin_treasury_gozag_greed,
          lemuel_tele_altar
D:11:     layout_basic, uniq_harold
D:12:     layout_roguey, erik_orc_1
D:13:     layout_stronghold, skrybe_vaults_entry_preservation, serial_shops,
          nicolae_shop_real_fake_doors, grunt_ministairs_3, minmay_microvault
D:14:     layout_long_grid, chequers_serial_rivers_micro_b, minmay_starry_boxes
D:15:     hangedman_depths_entry_civil_slaughter, layout_rooms,
          minmay_misc_feat_hallway, minmay_fractal_squares_gapless_7
Lair:1:   layout_loops_ring, grunt_megastairs_1, uniq_grum
Lair:2:   layout_roguey, nicolae_swamp_entry_splash_gauntlet,
          spider_nest_entry_rubble, nicolae_volcano_entry_lava_flow,
          serial_bayou_shore_a, lemuel_fruit_tree
Lair:3:   layout_loops_ring, minivault_19, pdpol_lair_cabin_in_the_woods
Lair:4:   layout_gridlike, slime_entry_1, grunt_forest_stairs_clearing,
          grunt_megastairs_3
Lair:5:   minmay_lair_end_frog_pond, layout_hall_layers
Swamp:1:  tekkud_swamp_unearthing_site, layout_basic_swamp,
          evilmike_swamp_ruin_house_5, nicolae_swamp_long_stream, uniq_jorgrun,
          uniq_nikola, uniq_frances
Swamp:2:  layout_falls_marsh, infiniplex_staircase_pool_2
Orc:1:    layout_caves, uniq_maurice
Orc:2:    st_orc_ogre_mass, layout_caves, serial_shops, shop, basic_altar,
          uniq_azrael

Skill      XL: |  1  2  3  4  5  6  7  8  9 10 11 12 13 14 15 16 17 |
---------------+----------------------------------------------------+-----
Unarmed Combat | 3 4 5 6 7 9 10 12 15 16 | 16.5
Dodging        | 2 3 4 7 9 10 | 10.8
Fighting       | 2 3 5 6 7 8 11 12 13 | 13.0
Shapeshifting  | 4 5 6 11 13 16 | 16.1
Shields        | 1 3 5 6 |  6.0
Necromancy     | 5 6 |  6.7

Action                     |  1- 3 |  4- 6 |  7- 9 | 10-12 | 13-15 | 16-18 || total
---------------------------+-------+-------+-------+-------+-------+-------++-------
  Melee: Unarmed           |    77 |   132 |   210 |   227 |   572 |   201 ||  1419
         Headbutt          |    10 |    24 |    41 |    55 |   115 |    42 ||   287
         Punch             |     1 |     3 |     2 |       |       |       ||     6
 Invoke: Ancestor Identity |       |       |     1 |       |       |       ||     1
         Ancestor Life: Ba |       |       |     1 |       |       |       ||     1
  Evoke: Tin of tremorston |       |       |       |       |       |     2 ||     2
    Use: Scroll            |     2 |     6 |     5 |     4 |     8 |     1 ||    26
         Potion            |       |       |     2 |     3 |     1 |     3 ||     9
   Stab: Sleeping          |     1 |     3 |     1 |     1 |       |     1 ||     7
         Distracted        |       |       |     1 |     3 |    16 |     6 ||    26
 Armour: Animal skin       |    45 |    78 |    41 |       |       |       ||   164
         Skin              |       |       |     3 |   172 |   700 |   324 ||  1199
         Robe              |       |       |   103 |    16 |       |       ||   119
         Steam dragon scal |       |       |       |    37 |       |       ||    37
  Dodge: Dodged            |    31 |    59 |    78 |   125 |   377 |   148 ||   818
  Block: Kite shield       |       |       |    48 |   141 |   411 |   144 ||   744
   Form: Blade             |       |       |       |     2 |       |       ||     2
         Beast             |       |       |       |     2 |       |       ||     2
         Maw               |       |       |       |     2 |       |       ||     2
         Statue            |       |       |       |     1 |     1 |       ||     2
         Flux              |       |       |       |     1 |       |       ||     1
         Serpent           |       |       |       |       |     1 |       ||     1
